Construct Weapon Support Center
Selects Special Operations Battlegroup
Selects M29 Weasel Recon Vehicle
M3 Armored Personnel Carrier
M3 Armored Personnel Carrier
M3 Armored Personnel Carrier
Construct Medical Station
Selects SSF Commando Squad
Improved M9 Bazooka Rockets
Selects P-47 Anti-Infantry Loiter
P-47 Anti-Infantry Loiter
P-47 Anti-Infantry Loiter
Selects M4A1 Sherman Whizbang
M18 Hellcat Tank Destroyer
M18 Hellcat Tank Destroyer
P-47 Anti-Infantry Loiter
Selects Assault Operation
P-47 Anti-Infantry Loiter
M18 Hellcat Tank Destroyer
P-47 Anti-Infantry Loiter
M18 Hellcat Tank Destroyer
P-47 Anti-Infantry Loiter
M18 Hellcat Tank Destroyer
M18 Hellcat Tank Destroyer
P-47 Anti-Infantry Loiter